 Dungeon Crawl Stone Soup version 0.23-a0-181-g24f899ac9f (webtiles) character file.

43652 PikkenKukken the Slicer (level 14, -1/75 HPs)
             Began as a Vine Stalker Fighter on Sept 19, 2018.
             Was a Believer of Uskayaw.
             Slain by a catoblepas (21 damage)
             ... on level 6 of the Lair of Beasts.
             The game lasted 00:35:26 (17676 turns).

PikkenKukken the Slicer (Vine Stalker Fighter)     Turns: 17676, Time: 00:35:26

Health: -1/75      AC: 11    Str: 21    XL:     14   Next: 25%
Magic:  0/24       EV: 17    Int:  8    God:    Uskayaw [**....]
Gold:   1663       SH: 17    Dex: 20    Spells: 13/13 levels left

rFire    + . .     SeeInvis .   L - +6 dagger (vamp)
rCold    x . .     Gourm    .   c - +1 shield
rNeg     . . .     Faith    .   e - +4 moon troll leather armour {Spirit, Regen++ MP+5}
rPois    .         Spirit   +   (helmet restricted)
rElec    .         Reflect  .   (no cloak)
rCorr    .         Harm     .   z - +1 pair of gloves {Dex+3}
MR       ++...                  (no boots)
Stlth    ++........             M - amulet of regeneration
HPRegen  2.22/turn              A - ring of protection from magic
MPRegen  0.19/turn              P - ring of fire

@: lethally poisoned (-1 -> -1), about to teleport, slowed, very slow
A: antennae 1, fangs 3, large bone plates 1, regeneration 2, magic shield,
antimagic bite, no potion heal 3, rot immunity
a: Stomp, Line Pass, Renounce Religion


You were on level 6 of the Lair of Beasts.
You worshipped Uskayaw.
Uskayaw was noncommittal.
You were not hungry.

You visited 4 branches of the dungeon, and saw 19 of its levels.
You also visited: Sewer, Bailey and Volcano.

You collected 1663 gold pieces.

Inventory:

Hand Weapons
 a - a +1 rapier
 F - a +2 dagger of electrocution
 L - a +6 vampiric dagger (weapon)
Armour
 c - a +1 shield (worn)
 e - the +4 moon troll leather armour (worn) {Spirit, Regen++ MP+5}
   (You found it on level 5 of the Lair of Beasts)

   It affects your magic capacity (+5).
   It increases your rate of regeneration.
 z - a +1 pair of gloves of dexterity (worn)
 U - the +0 scale mail of Ifogaz {rPois Regen+ Stlth+}
   (You found it in a bailey)

   It protects you from poison.
   It increases your rate of regeneration.
   It makes you more stealthy.
Jewellery
 n - an uncursed ring of see invisible
 A - a ring of protection from magic (left hand)
 C - an uncursed ring of protection from cold
 M - an amulet of regeneration (around neck)
 O - an uncursed ring of stealth
 P - a ring of fire (right hand)
Wands
 g - a wand of random effects (26)
 B - a wand of iceblast (10)
 D - a wand of scattershot (4)
 E - a wand of disintegration (14)
 G - a wand of acid (17)
 J - a wand of flame (56)
 K - a wand of polymorph (10)
 Q - a wand of digging (11)
 R - a wand of clouds (6)
 S - a wand of paralysis (19)
Scrolls
 b - a scroll of blinking
 h - 6 scrolls of teleportation
 i - 14 scrolls of remove curse
 l - 8 scrolls of identify
 p - 3 scrolls of enchant weapon
 s - 2 scrolls of fear
 u - 3 scrolls of fog
 w - a scroll of magic mapping
 y - 3 scrolls of enchant armour
 H - a scroll of amnesia
Potions
 d - 4 potions of might
 j - 5 potions of cancellation
 k - 2 potions of curing
 m - 5 potions of lignification
 o - 4 potions of agility
 q - 4 potions of haste
 r - 5 potions of flight
 t - 4 potions of brilliance
 v - 4 potions of resistance {unknown}
 x - 2 potions of magic
 I - 4 potions of mutation
 N - a potion of ambrosia
 V - a potion of berserk rage {unknown}
Comestibles
 f - 29 rations
 T - 2 chunks of flesh


   Skills:
 + Level 9.5 Fighting
 * Level 12.7 Short Blades
 - Level 8.4 Armour
 + Level 8.3 Dodging
 + Level 9.5 Shields
 + Level 5.7 Invocations


You had 13 spell levels left.
You didn't know any spells.
Your spell library contained the following spells:

 Spells                   Type           Power        Failure   Level  Hunger
 Beastly Appendage        Tmut           #.....       69%         1    ##.....
 Corona                   Hex            #......      69%         1    ##.....
 Sting                    Conj/Pois      #...         69%         1    ##.....
 Blink                    Tloc           N/A          83%         2    ###....
 Ensorcelled Hibernation  Hex/Ice        #.....       83%         2    ###....
 Poisonous Vapours        Pois/Air       #.....       83%         2    ###....
 Shroud of Golubria       Chrm/Tloc      #.........   83%         2    ###....
 Sticks to Snakes         Tmut           #.......     83%         2    ###....
 Confuse                  Hex            #.......     96%         3    ####...
 Dazzling Spray           Conj/Hex       #.....       96%         3    ####...
 Gell's Gravitas          Tloc           #.........   96%         3    ####...
 Lesser Beckoning         Tloc           #.........   96%         3    ####...
 Mephitic Cloud           Conj/Pois/Air  #.......     96%         3    ####...
 Spider Form              Tmut/Pois      #.........   96%         3    ####...
 Static Discharge         Conj/Air       #.......     96%         3    ####...
 Teleport Other           Tloc           #.......     96%         3    ####...
 Tukima's Dance           Hex            #.......     96%         3    ####...
 Ice Form                 Ice/Tmut       #.......     100%        4    #####..
 Olgreb's Toxic Radiance  Pois           #.......     100%        4    #####..
 Passage of Golubria      Tloc           N/A          100%        4    #####..
 Blade Hands              Tmut           #.........   100%        5    ######.
 Iskenderun's Battlesphe  Conj/Chrm      #.......     100%        5    ######.
 Venom Bolt               Conj/Pois      #.........   100%        5    ######.
 Bolt of Cold             Conj/Ice       #.........   100%        6    #######
 Conjure Ball Lightning   Conj/Air       #.........   100%        6    #######


Dungeon Overview and Level Annotations

Branches:
Dungeon (11/15)            Temple (1/1) D:6            Lair (6/6) D:11
 Shoals (0/4) Lair:2        Snake (0/4) Lair:4          Orc (1/2) D:9
  Slime: Lair:5-6

Altars:
Ashenzari
Cheibriados
Dithmenos
Elyvilon
Fedhas
Gozag
Hepliaklqana
Kikubaaqudgha
Makhleb
Nemelex Xobeh
Okawaru
Qazlal
Ru
Sif Muna
Trog
Uskayaw
Vehumet
Wu Jian
Xom
Yredelemnul
Zin
The Shining One
Beogh

Shops:
D:7 %


Innate Abilities, Weirdness & Mutations

You have razor-sharp teeth.
You heal very quickly.
When hurt, damage is shared between your health and your magic reserves.
Your bite disrupts and absorbs the magic of your enemies.
Potions cannot restore your health.
You are immune to rotting.
You have a pair of small antennae on your head.
You are partially covered in large bone plates. (SH +4)


Message History

You hit the catoblepas but do no damage.
You feel sick. You block the black mamba's attack. The catoblepas gores you.
The torpor snail is engulfed in calcifying dust.
Unknown command.
You hit the catoblepas. Your bite misses the catoblepas.
The catoblepas is lightly wounded.
You feel sick. You block the black mamba's attack.
The catoblepas closely misses you. You block the black mamba's attack.
Unknown command.
You hit the catoblepas but do no damage.
Your bite misses the catoblepas.
The catoblepas is lightly wounded.
You feel sick. The black mamba closely misses you.
Unknown command.
You hit the catoblepas.
You feel better.
The catoblepas is lightly wounded.
You feel sick. The black mamba bites you!
* * * LOW HITPOINT WARNING * * *
The catoblepas gores you!!
You die...

###.P##....#
#......#....# #P..
########...#
##.........#.# #### .P#
#.#..# #......#....##
##### ..##
###..###..#####P.###
##P.#P .#.#
#####.##...#...####
#..... .###
#P.#...#P..#.../# #.....
.######....##...#kH.#
#..#..
...##......###..#w#.#
##..##
...#.......###..@SFk#
#####
.......#....###..Y#.....
#..
...P....##..##...........
##.P
....P.####.#####...#.....
#... .....P##.#.#
#..P#.###. ###..
......#....## ##### .
#.... ............# ..
##...# ..........#.#
#....# ...........##
#....#


You could see a catoblepas, a torpor snail (petrified), a manticore, a lindwurm,
a black mamba, a spiny frog (petrified) and a rime drake (petrified).

Vanquished Creatures
  A fire dragon (Lair:6)
  Erica (D:10)
  2 hydras
  7 death yaks
  3 two-headed ogres
  An orc high priest (Bailey)
  An unseen horror (D:11)
  A swamp dragon (Lair:6)
  An ugly thing (D:11)
  A wolf spider (Lair:1)
  5 black mambas
  Maurice (D:8)
  A molten gargoyle (Volcano)
  Joseph (D:9)
  A gargoyle (D:10)
  8 spiny frogs
  3 rime drakes
  3 komodo dragons
  A kobold demonologist (Bailey)
  The ghost of Sokar the Gusty, a novice TeAE (D:6)
  3 trolls
  A polar bear (Lair:5)
  A hornet (Lair:1)
  Prince Ribbit (Lair:2)
  4 dream sheep (Lair:4)
  7 blink frogs
  A snapping turtle (Lair:2)
  10 hippogriffs
  Sigmund (D:6)
  2 wraiths (D:11)
  2 wyverns
  30 yaks
  2 hungry ghosts
  2 basilisks
  3 steam dragons
  3 fire elementals (Volcano)
  Menkaure (D:4)
  Eustachio (D:4)
  Duvessa (D:4)
  An acid dragon (Lair:6)
  13 water moccasins
  3 porcupines (Lair:2)
  A swamp drake (Lair:6)
  3 sky beasts
  3 black bears
  19 orc warriors
  9 ice beasts
  9 ogres
  2 phantoms (D:4)
  11 wolves
  5 centaurs
  10 crocodiles
  12 bullfrogs
  3 big kobolds (D:10)
  A gnoll sergeant (D:6)
  A water moccasin zombie (D:7)
  Dowan (D:4)
  4 scorpions
  8 killer bees
  9 wights
  5 electric eels
  3 howler monkeys
  3 crimson imps
  A centaur zombie (D:6)
  3 jellies
  17 orc priests
  3 centaur skeletons
  A gnoll shaman (D:6)
  2 bullfrog skeletons
  3 hounds
  29 orc wizards
  6 iguanas
  Natasha (twice) (D:2)
  3 worker ants
  A killer bee zombie (D:10)
  A bullfrog simulacrum (D:6)
  A howler monkey zombie (D:8)
  54 gnolls
  15 adders
  A shadow imp (D:10)
  A white imp (D:8)
  2 ufetubi (D:7)
  An ooze (D:1)
  An adder zombie (D:5)
  An adder skeleton (D:4)
  7 worms
  3 dart slugs (D:2)
  7 leopard geckos
  96 orcs
  5 bats
  7 giant cockroaches
  19 goblins
  12 hobgoblins
  21 jackals
  14 kobolds
  6 quokkas
  3 ball pythons (Sewer)
  10 frilled lizards
  A leopard gecko skeleton (D:4)
  A quokka skeleton (D:4)
  8 rats
628 creatures vanquished.

Vanquished Creatures (others)
  A wyvern zombie (D:6)
  A jackal (D:6)
  2 kobolds (D:10)
  A quokka (D:6)
  3 fungi (Lair:1)
  11 plants
19 creatures vanquished.

Grand Total: 647 creatures vanquished

Notes
Turn   | Place    | Note
-------+----------+-------------------------------------------
     0 | D:1      | PikkenKukken the Vine Stalker Fighter began the quest for
                  | the Orb.
     0 | D:1      | Reached XP level 1. HP: 11/11 MP: 2/2
    56 | D:1      | Reached skill level 2 in Short Blades
    59 | D:1      | Reached XP level 2. HP: 16/16 MP: 3/3
   472 | D:1      | Reached XP level 3. HP: 19/19 MP: 4/4
  1361 | D:2      | Reached skill level 1 in Dodging
  1361 | D:2      | Gained mutation: Your natural rate of healing is unusually
                  | fast. [Vine Stalker growth]
  1361 | D:2      | Reached XP level 4. HP: 24/24 MP: 5/5
  1443 | D:2      | Noticed a moth of wrath
  1445 | D:2      | Noticed Natasha
  1460 | D:2      | Killed Natasha
  1488 | D:2      | Noticed Natasha
  1497 | D:2      | Killed Natasha
  1497 | D:2      | Reached skill level 3 in Short Blades
  1497 | D:2      | Reached XP level 5. HP: 28/28 MP: 6/6
  1541 | D:2      | Found a sparkling altar of Nemelex Xobeh.
  1712 | D:2      | Found a bloodstained altar of Trog.
  2171 | D:3      | Found a glowing drain.
  2189 | Sewer    | Entered a sewer
  2801 | D:3      | Gained mutation: You are dopey. (Int -2) [potion of
                  | mutation]
  2801 | D:3      | Gained mutation: Your flesh is heat resistant. (rF+)
                  | [potion of mutation]
  2850 | D:4      | Noticed Eustachio
  2858 | D:4      | Killed Eustachio
  2858 | D:4      | Reached XP level 6. HP: 29/32 MP: 4/7
  2906 | D:4      | Noticed a phantom
  2913 | D:4      | Killed a phantom
  2913 | D:4      | Reached skill level 4 in Short Blades
  2922 | D:4      | Reached XP level 7. HP: 37/37 MP: 8/8
  3019 | D:4      | Identified the Almanac of Confrontation
  3141 | D:4      | Noticed Dowan
  3142 | D:4      | Noticed Duvessa
  3173 | D:4      | Killed Duvessa
  3184 | D:4      | Killed Dowan
  3488 | D:4      | Found a shattered altar of Ashenzari.
  3680 | D:4      | Noticed Menkaure
  3688 | D:4      | Killed Menkaure
  3688 | D:4      | Reached skill level 5 in Short Blades
  3688 | D:4      | Gained mutation: You have razor-sharp teeth. [Vine Stalker
                  | growth]
  3688 | D:4      | Reached XP level 8. HP: 8/42 MP: 2/9
  3958 | D:5      | Entered Level 5 of the Dungeon
  4394 | D:5      | Reached skill level 6 in Short Blades
  4581 | D:6      | Found a runed gate.
  4582 | D:6      | Found a runed gate.
  4583 | D:6      | Found a runed gate.
  4585 | D:6      | Noticed Sokar's ghost (novice TeAE)
  4620 | D:6      | Reached XP level 9. HP: 46/46 MP: 10/10
  4621 | D:6      | Found a white marble altar of Elyvilon.
  4643 | D:6      | Reached skill level 5 in Fighting
  4643 | D:6      | Reached skill level 5 in Shields
  4999 | D:6      | Found a staircase to the Ecumenical Temple.
  5008 | Temple   | Entered the Ecumenical Temple
  5219 | D:6      | Found a burning altar of Makhleb.
  5223 | D:6      | Found a glowing silver altar of Zin.
  5224 | D:6      | Noticed an angel
  5226 | D:6      | Noticed a cacodemon
  5255 | D:6      | Noticed Sigmund
  5598 | D:7      | Found Qasuxt's Food Shoppe.
  5608 | D:7      | Reached skill level 7 in Short Blades
  5633 | D:7      | Reached skill level 5 in Armour
  6114 | D:7      | Reached XP level 10. HP: 40/53 MP: 7/11
  6550 | D:8      | Reached skill level 8 in Short Blades
  6563 | D:8      | Noticed Maurice
  6575 | D:8      | Killed Maurice
  6708 | D:8      | Reached skill level 5 in Dodging
  6797 | D:8      | Noticed a two-headed ogre
  6849 | D:8      | Killed a two-headed ogre
  6957 | D:8      | Noticed a two-headed ogre
  6971 | D:8      | Killed a two-headed ogre
  6971 | D:8      | Reached skill level 9 in Short Blades
  6971 | D:8      | Reached XP level 11. HP: 42/58 MP: 9/12
  7000 | D:8      | Found an opulent altar of Gozag.
  7811 | D:9      | Found a hide-covered altar of Uskayaw.
  7831 | D:9      | Became a worshipper of Uskayaw the Reveler
  7841 | D:9      | Reached * piety under Uskayaw
  7947 | D:6      | Reached ** piety under Uskayaw
  7957 | D:6      | Reached *** piety under Uskayaw
  7973 | D:6      | Reached **** piety under Uskayaw
  7984 | D:6      | Killed Sigmund
  7984 | D:6      | Reached ***** piety under Uskayaw
  8082 | D:6      | Noticed an unseen horror
  8633 | D:6      | Killed Sokar's ghost
  8844 | D:9      | Noticed Joseph
  8861 | D:9      | Killed Joseph
  9069 | D:9      | Reached ****** piety under Uskayaw
  9086 | D:9      | Found a staircase to the Orcish Mines.
  9219 | D:9      | Found a burning altar of Makhleb.
  9444 | D:9      | Found an ornate altar of the Wu Jian Council.
  9465 | D:9      | Reached skill level 10 in Short Blades
  9475 | D:9      | Found a deep blue altar of Sif Muna.
  9478 | D:9      | Found a radiant altar of Vehumet.
  9563 | D:10     | Entered Level 10 of the Dungeon
  9619 | D:10     | Noticed Erica
  9639 | D:10     | Killed Erica
  9998 | D:10     | Gained mutation: You heal very quickly. [Vine Stalker
                  | growth]
  9998 | D:10     | Reached XP level 12. HP: 64/64 MP: 13/13
 10232 | D:10     | Found a roughly hewn altar of Beogh.
 10616 | D:11     | Noticed a two-headed ogre
 10627 | D:11     | Killed a two-headed ogre
 10686 | D:11     | Reached skill level 1 in Invocations
 10825 | D:11     | Found a staircase to the Lair.
 11471 | Lair:1   | Entered Level 1 of the Lair of Beasts
 11784 | Lair:1   | Reached skill level 11 in Short Blades
 11822 | Lair:1   | Noticed a five-headed hydra
 11833 | Lair:1   | Killed a five-headed hydra
 11929 | Lair:1   | Noticed a death yak
 11930 | Lair:1   | Noticed a death yak
 11930 | Lair:1   | Noticed a death yak
 11931 | Lair:1   | Noticed a death yak
 11931 | Lair:1   | Noticed a death yak
 11932 | Lair:1   | Noticed a death yak
 11953 | Lair:1   | Killed a death yak
 11982 | Lair:1   | Killed a death yak
 11985 | Lair:1   | Killed a death yak
 11988 | Lair:1   | Killed a death yak
 11991 | Lair:1   | Killed a death yak
 11991 | Lair:1   | Reached XP level 13. HP: 59/69 MP: 16/16
 12511 | Lair:2   | Noticed Prince Ribbit
 12529 | Lair:2   | Killed Prince Ribbit
 13138 | Lair:2   | Found a staircase to the Shoals.
 13774 | Lair:3   | Lost mutation: You are dopey. (Int -2) [potion of mutation]
 13774 | Lair:3   | Lost mutation: Your flesh is heat resistant. (rF+) [potion
                  | of mutation]
 13774 | Lair:3   | Gained mutation: You have a pair of small antennae on your
                  | head. [potion of mutation]
 13774 | Lair:3   | Gained mutation: You are partially covered in large bone
                  | plates. (SH +4) [potion of mutation]
 14243 | Lair:4   | Found a staircase to the Snake Pit.
 14892 | Lair:5   | Reached skill level 12 in Short Blades
 15353 | Lair:5   | Got a smoking helmet
 15354 | Lair:5   | Identified the +0 helmet of the Evening {-Tele Dex+5} (You
                  | found it on level 5 of the Lair of Beasts)
 15367 | Lair:5   | Found the +4 moon troll leather armour {Spirit, Regen++
                  | MP+5}
 15784 | Orc:1    | Entered Level 1 of the Orcish Mines
 15784 | Orc:1    | Found a flagged portal.
 15828 | Bailey   | Entered a bailey
 15874 | Bailey   | Found an iron altar of Okawaru.
 15888 | Bailey   | Reached skill level 5 in Invocations
 16137 | Bailey   | Got a crude scale mail
 16148 | Bailey   | Identified the cursed +0 scale mail of Ifogaz {rPois Regen+
                  | Stlth+} (You found it in a bailey)
 16190 | Orc:1    | Found a dark tunnel.
 16200 | Volcano  | Entered a volcano
 16773 | Lair:6   | Entered Level 6 of the Lair of Beasts
 16795 | Lair:6   | Reached XP level 14. HP: 75/75 MP: 18/18
 17676 | Lair:6   | Slain by a catoblepas

Vault maps used:
D:1:      ncdulo_smallfort
D:2:      nemelex_altar_shiori, tgw_trog, uniq_natasha
D:3:      portal_sewer_entry_f, hangedman_decor_clover_reticule,
          kennysheep_generic_room_2
D:4:      wad_river_or_something, lemuel_crystal_altar, first_ration,
          uniq_duvessa, uniq_menkaure, uniq_eustachio
D:5:      nrook_pool_corridor, minmay_small_thing
D:6:      lemuel_castle_with_subvaults, grunt_temple_overflow_order_and_chaos_2,
          elyvilon_altar_4, temple_statues, gammafunk_ghost_necromancy,
          uniq_sigmund
D:7:      serial_shops, shop
D:8:      statuecave_lemuel, marbit_many_paths, serial_ice, serial_ice_f,
          serial_ice_h, serial_ice_l, serial_ice_a, uniq_maurice
D:9:      minmay_overflow_temple_star_quad, eat_drink_and_be_merry_uskayaw,
          hiddenorc2_lemuel, basic_altar, serial_column_ruins,
          column_ruins_square_medium, column_ruins_square_medium,
          column_ruins_open_tiny, column_ruins_open_tiny,
          column_ruins_columns_straight, column_ruins_columns_corner,
          column_ruins_open_small, column_ruins_open_small,
          column_ruins_corridor_straight, uniq_joseph
D:10:     special_room, uniq_erica
D:11:     lair_entry_dummy, grunt_pizzeria
Temple:   hc_temple_tempest_star
Lair:1:   minmay_lair_venomous_thicket, guppyfry_lair_drakes
Lair:2:   minmay_shoals_entry_hut, st_stairs_6, lemuel_fruit_tree,
          serial_bayou_shore_a, uniq_prince_ribbit2
Lair:4:   dummy_snake_entry
Lair:5:   grunt_forest_large_clearing_hut, grunt_megastairs_4
Lair:6:   guppyfry_lair_end_dragon, hangedman_lair_in_review, slime_altar_1
Orc:1:    enter_bailey_2, nicolae_volcano_entry_hallway, basic_altar
Sewer:    sewer_co_cracked_pipes
Bailey:   bailey_axe_of_yendor_kennysheep, bailey
Volcano:  volcano_overflow

Skill      XL: |  1  2  3  4  5  6  7  8  9 10 11 12 13 |
---------------+----------------------------------------+-----
Short Blades   | 2 3 4 5 6 7 9 10 11 12 | 12.7
Fighting       | 3 4 5 6 7 8 9 |  9.5
Shields        | 3 4 5 6 7 8 9 |  9.5
Dodging        | 1 2 3 4 5 6 7 8 |  8.3
Armour         | 3 4 5 6 7 8 |  8.4
Invocations    | 3 5 |  5.7

Action                   |  1- 3 |  4- 6 |  7- 9 | 10-12 | 13-15 || total
-------------------------+-------+-------+-------+-------+-------++-------
Melee: Rapier            |   106 |   135 |   483 |    45 |       ||   769
       Bite              |    25 |    41 |   158 |   526 |   354 ||  1104
       Dagger            |       |       |       |  1103 |   776 ||  1879
  Use: Scroll            |     6 |    11 |     4 |     3 |    12 ||    36
       Potion            |       |     2 |     2 |       |     1 ||     5
 Stab: Paralysed         |       |       |       |    39 |    43 ||    82
       Sleeping          |       |       |       |       |     2 ||     2
       Confused          |       |       |       |       |     1 ||     1
  Eat: Chunk             |     2 |     5 |    11 |    18 |    11 ||    47
       Ration            |       |       |       |     3 |     2 ||     5
Armor: Scale mail        |    43 |    40 |    66 |       |       ||   149
       Skin              |       |       |    17 |       |       ||    17
       Plate armour      |       |       |   134 |   287 |    83 ||   504
       Troll leather arm |       |       |       |       |    28 ||    28
Dodge: Dodged            |    33 |    35 |    90 |   231 |   183 ||   572
Block: Shield            |    44 |    63 |   277 |   506 |   397 ||  1287

Table legend:
 A = Non-vault XP
 B = Vault XP
 C = Vault XP percentage of total XP
 D = Non-vault monster count
 E = Vault monster count
 F = Vault count percentage of total count
                 A         B        C        D         E       F
            +---------+---------+-------+---------+---------+-------
      Total |   40559 |   21801 |  35.0 |     377 |     252 |  40.1
            +---------+---------+-------+---------+---------+-------
        D:1 |      38 |       0 |   0.0 |      19 |       0 |   0.0
        D:2 |     101 |      57 |  36.1 |      20 |       6 |  23.1
        D:3 |      18 |      14 |  43.8 |       9 |       7 |  43.8
        D:4 |     426 |     740 |  63.5 |      18 |      10 |  35.7
        D:5 |     801 |       0 |   0.0 |      18 |       0 |   0.0
        D:6 |    1317 |    1471 |  52.8 |      34 |      65 |  65.7
        D:7 |    1770 |     131 |   6.9 |      26 |       3 |  10.3
        D:8 |    3615 |    1684 |  31.8 |      32 |      10 |  23.8
        D:9 |    2690 |    1069 |  28.4 |      37 |      34 |  47.9
       D:10 |    1753 |    1415 |  44.7 |      39 |      17 |  30.4
       D:11 |    4188 |     129 |   3.0 |      26 |       1 |   3.7
     Lair:1 |    6927 |    2983 |  30.1 |      13 |      14 |  51.9
     Lair:2 |    3383 |    1296 |  27.7 |      19 |       5 |  20.8
     Lair:3 |    2417 |       0 |   0.0 |       9 |       0 |   0.0
     Lair:4 |    4253 |       0 |   0.0 |      19 |       0 |   0.0
     Lair:5 |    1997 |    2059 |  50.8 |       6 |       5 |  45.5
     Lair:6 |    3900 |    5452 |  58.3 |      21 |      23 |  52.3
      Orc:1 |     965 |       0 |   0.0 |      12 |       0 |   0.0
      Sewer |       0 |      25 | 100.0 |       0 |      12 | 100.0
     Bailey |       0 |    2229 | 100.0 |       0 |      36 | 100.0
    Volcano |       0 |    1047 | 100.0 |       0 |       4 | 100.0
            +---------+---------+-------+---------+---------+-------
